 Dungeon Crawl Stone Soup version 0.30-b1-2-g02819fbbbe (webtiles) character file.

Game seed: 17598812896706310274

6 Alarkh the Trooper (level 1, -1/18 HPs)
             Began as a Demonspawn Chaos Knight on May 21, 2023.
             Was a Plaything of Xom.
             Slain by an adder (2 damage)
             ... on level 2 of the Dungeon.
             The game lasted 00:00:25 (192 turns).

Alarkh the Trooper (Demonspawn Chaos Knight)         Turns: 192, Time: 00:00:26

Health: -1/18      AC:  5    Str: 12    XL:     1   Next: 75%
Magic:  1/1        EV: 11    Int: 13    God:    Xom [..*...]
Gold:   12         SH:  0    Dex: 12    Spells: 0/0 levels left

rFire   . . .        a - +0 falchion (chaos)
rCold   . . .        (no shield)
rNeg    . . .        b - +2 leather armour
rPois   .            (no helmet)
rElec   .            (no cloak)
rCorr   .            (no gloves)
SInv    .            (no boots)
Will    .....        (no amulet)
Stlth   +            (no ring)
HPRegen 0.23/turn    (no ring)
MPRegen 0.07/turn

%: no passive effects
@: hasted, very quick
A: no striking features
a: Renounce Religion


You were on level 2 of the Dungeon.
You worshipped Xom.
You were a toy of Xom.
You visited 1 branch of the dungeon, and saw 2 of its levels.

You collected 12 gold pieces.

Inventory:

Hand Weapons
 a - a +0 falchion of chaos (weapon)
Armour
 b - a +2 leather armour (worn)
Scrolls
 d - a scroll of poison {unknown}
Miscellaneous
 c - a piece from Xom's chessboard (14/15) (quivered)


   Skills:
 + Level 3.1 Fighting
 * Level 2.9 Long Blades
 - Level 1.7 Armour
 + Level 1.1 Dodging


You couldn't memorise any spells.
You didn't know any spells.
Your spell library contained the following spells:

 Spells                   Type           Power      Damage    Failure   Level
 Cigotuvi's Dreadful Rot  Necr/Pois/Air  0%         N/A       52%         2
 Dispel Undead            Necr           0%         3d6       98%         4
 Death Channel            Necr           0%         N/A       100%        6


Dungeon Overview and Level Annotations

Branches:
Dungeon (2/15)

Altars:


Message History

Space warps around the giant cockroach.
You kill the giant cockroach!
The kobold closely misses you.
You hit the kobold.
The kobold resists with significant effort.
The kobold is severely wounded.
An adder comes into view.
The kobold hits you with a +0 whip.
The kobold hits you with a +0 short sword.
You closely miss the kobold.
The kobold is moderately wounded.
The kobold barely misses you. The kobold closely misses you.
The adder hisses angrily.
You hit the kobold.
You kill the kobold!
The kobold barely misses you.
You barely miss the kobold.
The kobold hits you with a +0 short sword.
You closely miss the kobold. The kobold closely misses you. x2
You barely miss the kobold.
The kobold hits you with a +0 short sword.
The adder barely misses you.
There are monsters nearby!
You are too injured to fight recklessly!
You aren't carrying any potions.
Unknown command.
You closely miss the adder. The adder bites you.
* * * LOW HITPOINT WARNING * * *
The kobold hits you with a +0 short sword.
* * * LOW HITPOINT WARNING * * *
You miss the adder. The adder misses you. The kobold closely misses you.
The adder bites you but does no damage.
Unknown command.
You closely miss the adder. "Go forth and cause havoc, mortal!"
You feel yourself speed up.
The kobold hits you with a +0 short sword.
* * * LOW HITPOINT WARNING * * *
The adder bites you.
You die...

###########
..........#
.......@<)#
......)KS.#
..........#
..........#
...........
..........##
...........
............


You could see an adder and a kobold.

Vanquished Creatures
  A giant cockroach (D:2)
  2 quokkas (D:1)
  A bat (D:1)
  2 kobolds
6 creatures vanquished.

Notes
Turn   | Place    | Note
-------+----------+-------------------------------------------
     0 | D:1      | Alarkh the Demonspawn Chaos Knight began the quest for the
                  | Orb.
     0 | D:1      | Reached XP level 1. HP: 18/18 MP: 1/1
    71 | D:1      | Reached skill level 1 in Dodging
   163 | D:1      | an endoplasm changed into a glowing shapeshifter
   163 | D:1      | Noticed a glowing shapeshifter (glowing shapeshifter)
   163 | D:1      | a glowing shapeshifter changed into an elephant
   163 | D:1      | Noticed an elephant (glowing shapeshifter)
   165 | D:1      | an elephant changed into a black mamba
   165 | D:1      | Noticed a black mamba (glowing shapeshifter)
   166 | D:1      | a black mamba changed into a queen bee
   166 | D:1      | Noticed a queen bee (glowing shapeshifter)
   167 | D:1      | XOM: divination: detect creatures
   167 | D:1      | a queen bee changed into an entropy weaver
   167 | D:1      | Noticed an entropy weaver (glowing shapeshifter)
   168 | D:1      | an entropy weaver changed into a yak
   168 | D:1      | Noticed a yak (glowing shapeshifter)
   171 | D:1      | a yak changed into a raiju
   171 | D:1      | Noticed a raiju (glowing shapeshifter)
   172 | D:1      | a raiju changed into a wind drake
   172 | D:1      | Noticed a wind drake (glowing shapeshifter)
   175 | D:1      | Noticed a golden eye
   192 | D:2      | XOM: potion effect (haste)
   192 | D:2      | Slain by an adder

Illustrated notes

Levels and vault maps discovered:
D:1:      eino_arrival_water_star, layout_loops_ring
D:2:      layout_rooms, uniq_sigmund

Skill      XL: |  1 |
---------------+----+-----
Dodging        | 1 |  1.1
Fighting       | |  3.1
Long Blades    | |  2.9
Armour         | |  1.7

Action                     || total
---------------------------++-------
  Melee: Falchion          ||    40
         Punch             ||     1
  Evoke: Piece from Xom's  ||     1
 Armour: Leather armour    ||     8
  Dodge: Dodged            ||    34
